 Dungeon Crawl Stone Soup version 0.29.1-2-gbd0b4ee654 (webtiles) character file.

Game seed: 11805126421886799702

72 poxiva the Ruffian (level 4, -8/40 HPs)
             Began as a Ghoul Monk on Nov 30, 2022.
             Mangled by Uniporpoise's ghost (16 damage)
             ... on level 3 of the Dungeon.
             The game lasted 00:13:28 (2523 turns).

poxiva the Ruffian (Ghoul Monk)                     Turns: 2523, Time: 00:13:29

Health: -8/40      AC:  2    Str: 14    XL:     4   Next: 26%
Magic:  3/3        EV: 13    Int:  5    God:
Gold:   74         SH:  0    Dex: 13    Spells: 3/3 levels left

rFire   . . .      SeeInvis .     - Unarmed
rCold   + . .      Faith    .   (no shield)
rNeg    + + +      Spirit   .   a - +0 robe
rPois   ∞          Reflect  .   (no helmet)
rElec   .          Harm     .   (no cloak)
rCorr   .          Rampage  .   (no gloves)
Will    .....                   (no boots)
Stlth   ++........              (no amulet)
HPRegen 0.00/turn               (no ring)
MPRegen 0.08/turn               (no ring)

@: inhibited regen
A: claws 1, cold resistance 1, negative energy resistance 3, inhibited
regeneration, torment resistance 2, devour on kill
a: no special abilities


You were on level 3 of the Dungeon.
You visited 1 branch of the dungeon, and saw 3 of its levels.

You collected 74 gold pieces.

Inventory:

Hand Weapons
 f - a +0 mace
 g - a +0 whip
 j - a +0 dagger
 n - a +0 dagger
Missiles
 e - 8 stones (quivered)
 o - 2 boomerangs
Armour
 a - a +0 robe (worn)
 k - a +0 leather armour
Scrolls
 d - 2 scrolls of teleportation {unknown}
 h - a scroll of amnesia {unknown}
 i - 3 scrolls of blinking {unknown}
 m - 2 scrolls of identify {unknown}
 p - a scroll of vulnerability {unknown}
 q - a scroll of poison {unknown}
 r - 2 scrolls of silence {unknown}
 s - a scroll of magic mapping {unknown}
 t - a scroll of acquirement {unknown}
Potions
 b - a potion of ambrosia
 c - 2 potions of curing {unknown}
 l - 3 potions of mutation {unknown}


   Skills:
 * Level 3.7 Fighting
 * Level 3.2 Dodging
 + Level 2.4 Stealth
 * Level 4.5 Unarmed Combat


You had 3 spell levels left.
You didn't know any spells.
Your spell library was empty.

Dungeon Overview and Level Annotations

Branches:
Dungeon (3/15)

Altars:

Shops:
D:2 :

Annotations:
D:3 Uniporpoise's ghost, amateur GrFi


Innate Abilities, Weirdness & Mutations

You are immune to poison.
You have sharp fingernails.
Your flesh is cold resistant. (rC+)
You are immune to negative energy. (rN+++)
You do not regenerate when monsters are visible.
You are immune to unholy pain and torment.
You thrive by killing the living.


Message History

The adder is severely wounded.
The adder closely misses you.
You scratch the adder.
You kill the adder!
You feel better.
You now have 74 gold pieces (gained 5).
You start resting.
HP restored.
Found 13 gold pieces.
Press: ? - help, v - describe, . - travel A runed translucent door.
You open the door. You scratch Uniporpoise's ghost.
Uniporpoise's ghost is lightly damaged.
You barely miss Uniporpoise's ghost.
Uniporpoise's ghost is lightly damaged.
Uniporpoise's ghost misses you.
You barely miss Uniporpoise's ghost.
Uniporpoise's ghost is lightly damaged.
Uniporpoise's ghost hits you.
You scratch Uniporpoise's ghost but do no damage.
Uniporpoise's ghost is lightly damaged.
Uniporpoise's ghost barely misses you.
You claw Uniporpoise's ghost!
Uniporpoise's ghost is moderately damaged.
Uniporpoise's ghost hits you.
You scratch Uniporpoise's ghost but do no damage.
Uniporpoise's ghost is moderately damaged.
Uniporpoise's ghost hits you!
You scratch Uniporpoise's ghost but do no damage.
Uniporpoise's ghost is moderately damaged.
Uniporpoise's ghost hits you!
* * * LOW HITPOINT WARNING * * *
You are too injured to fight recklessly!
You are too injured to fight recklessly!
You are too injured to fight recklessly!
You scratch Uniporpoise's ghost.
Uniporpoise's ghost is heavily damaged.
Uniporpoise's ghost hits you!
You die...

#...#.# #
#.>...##### <#
..##..... ..# #.#
......#.###.#...
............#.#
..###...<.....#
.##⌠##...##.#.###
##...##...#.....#
#..!..##W@....#...#
⌠..♣...'..#.### #..
#..?..##..#.# #
##...##...#.#
##⌠##...##.#
.###....##.#
........##..
.....##.##.. .$..#
#.....


You could see Uniporpoise's ghost.

Vanquished Creatures
  A gnoll (D:1)
  2 adders
  A worm (D:3)
  2 dart slugs
  3 bats (D:1)
  5 endoplasms
  2 giant cockroaches
  4 goblins
  6 hobgoblins
  A kobold (D:1)
  2 quokkas
  2 frilled lizards (D:1)
  3 rats
34 creatures vanquished.

Notes
Turn   | Place    | Note
-------+----------+-------------------------------------------
     0 | D:1      | poxiva the Ghoul Monk began the quest for the Orb.
     0 | D:1      | Reached XP level 1. HP: 19/19 MP: 0/0
   335 | D:1      | Reached XP level 2. HP: 22/26 MP: 1/1
   555 | D:1      | Reached skill level 4 in Unarmed Combat
   806 | D:1      | Found a faded altar of an unknown god.
  1003 | D:1      | Reached XP level 3. HP: 6/31 MP: 2/2
  1855 | D:2      | Found Iffa's Book Shop.
  1892 | D:2      | Reached XP level 4. HP: 37/40 MP: 3/3
  2360 | D:3      | Noticed Uniporpoise's ghost (amateur GrFi)
  2360 | D:3      | Found a runed translucent door.
  2523 | D:3      | Mangled by Uniporpoise's ghost

Illustrated notes

Levels and vault maps discovered:
D:1:      dpeg_arrival_pits, layout_basic, basic_ecumenical_altar,
          minmay_misc_feat_columns
D:2:      layout_basic, serial_shops, shop
D:3:      layout_basic, nicolae_hepliaklqana_hippocampus,
          hellmonk_ghost_happy_afterlife, serial_rivers,
          chequers_serial_rivers_small_3, chequers_serial_rivers_micro_d,
          chequers_serial_rivers_micro_a, chequers_serial_rivers_large_a

Skill      XL: |  1  2 |
---------------+-------+-----
Unarmed Combat | 4 |  4.5
Dodging        | 3 |  3.2
Fighting       | |  3.7
Stealth        | |  2.4

Action                   |  1- 3 |  4- 6 || total
-------------------------+-------+-------++-------
Melee: Unarmed           |   114 |    31 ||   145
       Punch             |     1 |       ||     1
 Stab: Sleeping          |     4 |       ||     4
Armor: Ring mail         |    18 |       ||    18
       Robe              |    11 |     3 ||    14
Dodge: Dodged            |    67 |    10 ||    77
